Cogmind - Beta 14 *** ADVENTURER MODE // 2025.05.05 @ 08:06:21 Player: Tisa Result: Destroyed by P-60 Hacker with Shock Rifle Performance ------------- Evolutions (0) 0 Regions Visited (3) 600 Robots Destroyed (19) 95 Value Destroyed (417) 417 Prototype IDs (0) 0 Alien Tech Used (0) 0 Bonus (0) 0 TOTAL SCORE: 1112 Bonus ------- None Cogmind --------- Core Integrity 0/250 Matter 300/300 Energy 71/100 System Corruption 1% Temperature Cool (60) Movement Core (100) Ox1 Location -7/Recycling Parts ------- > --- POWER (1) -------- (None) > --- PROPULSION (2) --- (None) > --- UTILITY (2) ------ Signal Interpreter > --- WEAPON (2) ------- Subdweller Laser > --- INVENTORY (5) ---- Authchip [Power] Authchip [Weapon] Subdweller Machine Gun Grenade Launcher Grenade Launcher Peak State ------------ > --- POWER ------------ Subdweller Power Source > --- PROPULSION ------- Flight Unit Flight Unit > --- UTILITY ---------- Sensor Array Signal Interpreter > --- WEAPON ----------- Subdweller Laser Subdweller Machine Gun > --- INVENTORY -------- Small Storage Unit Grenade Launcher Grenade Launcher [Rating: 10] Favorites ----------- Power Ion Engine Engine Ion Engine Power Core Light Nuclear Core Propulsion Aluminum Leg Leg Aluminum Leg Wheel Wheel Flight Unit Flight Unit Utility Signal Interpreter Device Sensor Array Storage Small Storage Unit Processor Signal Interpreter Weapon Assault Rifle Energy Gun Subdweller Laser Ballistic Gun Assault Rifle Launcher Grenade Launcher Build | -11 -10 -10 -7 ------- Run | Yrd Mat Sub Rec Slots Evolved . | . . . . Power . | . . . . Propulsion . | . . . . Utility . | . . . . Weapon . | . . . . Parts Attached 37 | 6 9 20 2 Power 5 | 1 2 1 1 Engine 4 | 1 1 1 1 Core 1 | . 1 . . Reactor . | . . . . Propulsion 8 | 2 3 2 1 Treads . | . . . . Leg 2 | 2 . . . Wheel 2 | . . 1 1 Hover . | . . . . Flight 4 | . 3 1 . Utility 6 | 1 4 1 . Device 4 | . 3 1 . Storage 1 | 1 . . . Processor 1 | . 1 . . Hackware . | . . . . Protection . | . . . . Artifact . | . . . . Weapon 18 | 2 . 16 . Energy Gun 3 | . . 3 . Energy Cannon . | . . . . Ballistic Gun 8 | 2 . 6 . Ballistic Cannon . | . . . . Launcher 7 | . . 7 . Special Weapon . | . . . . Impact Weapon . | . . . . Slashing Weapon . | . . . . Piercing Weapon . | . . . . Special Melee Weapon . | . . . . Unidentified Prototypes . | . . . . Parts Lost 7 | . . 4 3 Power 2 | . . 1 1 Propulsion 4 | . . 2 2 Utility 1 | . . 1 . Weapon . | . . . . Highest Loss Streak 3 | . . 1 3 To Critical Strikes . | . . . . Average Slot Usage (%) 89 | . 96 79 71 Engine 9 | . 8 10 13 Core 4 | . 5 2 . Leg 14 | . 22 . . Wheel 3 | . . 2 26 Flight 10 | . 5 25 1 Device 10 | . 10 13 . Storage 3 | . 5 . . Processor 10 | . 8 14 14 Energy Gun 1 | . . 1 14 Ballistic Gun 19 | . 28 5 . Peak Build Rating 10 | 6 9 10 9 Average Rating 7 | 4 7 6 7 On Entrance 6 | . 6 9 9 Naked Turns . | . . . . Heaviest Build 15 | 14 15 14 13 Greatest Support 26 | 20 20 10 26 Greatest Overweight (x) 2 | . 2 1 1 Average Overweight (x) . | . . . . Largest Inventory Capacity 8 | 8 8 5 5 Average Capacity 5 | 7 6 5 5 Most Carried 7 | 5 7 5 5 Average Carried 4 | 2 4 4 4 Final Capacity 8 | 8 5 5 5 Final Carried 5 | 2 5 2 5 Class Distribution -------------------- 87% | Mutant 12% | Scavenger-Mutant Dominant Class ---------------- Mutant | -10/Materials Mutant | -10/Subcaves Scavenger-Mutant | -7/Recycling Resources | -11 -10 -10 -7 ----------- Run | Yrd Mat Sub Rec Matter Collected 877 | 177 359 273 68 Remotely . | . . . . Salvage Created 727 | . 353 136 238 Parts 40 | . 20 15 5 Haulers Intercepted . | . . . . Recyclers Shooed 1 | . . . 1 Parts Field Recycled . | . . . . Retrieved Matter . | . . . . Parts Self-Destructed 10 | . . 10 . Prevented . | . . . . Kills | -11 -10 -10 -7 ------- Run | Yrd Mat Sub Rec Combat Hostiles Destroyed 14 | . 7 7 . Guns 13 | . 7 6 . AOE 1 | . . 1 . Classes Destroyed 7 | . 5 2 . Worker 1 | . 1 . . Recycler 3 | . 1 . 2 Watcher 1 | . 1 . . Swarmer 6 | . 3 3 . Grunt 4 | . 4 . . Artisan 1 | . . 1 . Subdweller 4 | . . 4 . Best Kill Streak 5 | . 5 3 1 Combat Bots Only 3 | . 3 3 . Max Kills in Single Turn 2 | . 1 2 1 Gunslinging 1 | . . 1 . Exploded 1 | . . 1 . Melee . | . . . . Uniques/NPCs Destroyed . | . . . . Combat | -11 -10 -10 -7 -------- Run | Yrd Mat Sub Rec Hostile Shots Fired 113 | . 40 62 11 Missed 34 | . 11 22 1 Damage Taken 823 | . 245 411 167 Core 253 | . 56 102 95 Absorbed by Shields . | . . . . Ignored by Resistances 249 | . 78 126 45 Core Remaining (%) 100 | 100 . . . Volleys Fired 62 | 5 26 22 9 Largest 2 | 2 2 2 1 Hottest 90 | 40 40 90 60 Shots Fired 103 | 10 52 32 9 Gun 93 | 10 52 22 9 Cannon . | . . . . Launcher 10 | . . 10 . Special . | . . . . Kinetic 77 | 10 52 15 . Thermal 16 | . . 7 9 Explosive 10 | . . 10 . Electromagnetic . | . . . . Robot Hit Streak 19 | 10 10 19 12 Robot Miss Streak 3 | . 3 1 . Penetration Max . | . . . . Secondary Targets 2 | . 1 1 . Max Gunslinging Chain 1 | . 1 1 . Shots Hit Robots 74 | 10 35 20 9 Core Hits 31 | 1 16 11 3 Critical Kills 1 | . . . 1 Critical Parts Destroyed 1 | . . . 1 Critical Strikes 2 | . . . 2 Destroy 2 | . . . 2 Melee Attacks . | . . . . Impact . | . . . . Slashing . | . . . . Piercing . | . . . . Sneak Attacks . | . . . . Combat Hostiles . | . . . . Follow-up Attacks . | . . . . Damage Inflicted 1279 | 128 462 476 213 Guns 1100 | 128 462 297 213 Cannons . | . . . . Explosions 179 | . . 179 . Melee . | . . . . Ramming . | . . . . Kinetic 763 | 128 462 173 . Thermal 337 | . . 124 213 Explosive 179 | . . 179 . Electromagnetic . | . . . . Impact . | . . . . Slashing . | . . . . Piercing . | . . . . Highest Corruption 1 | . . . 1 Average Corruption 1 | . . . 1 Corruption Purged . | . . . . Corruption Blocked . | . . . . Overload Shots . | . . . . Overflow Damage . | . . . . Projectiles . | . . . . Explosions . | . . . . Melee . | . . . . Knockbacks . | . . . . Impact . | . . . . Kinetic . | . . . . Secondary . | . . . . Self-Inflicted Damage 7 | . . 7 . Shots 2 | . . 2 . Rammed . | . . . . Targets Rammed . | . . . . Kicked . | . . . . Crushed . | . . . . Highest Temperature 60 | . 9 . 60 Average Temperature 17 | . 2 . 29 Received Heat Transfer 273 | . 129 144 . Siege Activations . | . . . . Robots Corrupted . | . . . . Combat Hostiles . | . . . . Parts Fried . | . . . . Impact Corruptions . | . . . . Robots Melted . | . . . . Combat Hostiles . | . . . . Parts Melted . | . . . . Heat Transferred 375 | . . 150 225 Parts Sabotaged . | . . . . Parts Stolen . | . . . . Parts Stripped . | . . . . Power Chain Reactions . | . . . . Alert | -11 -10 -10 -7 ------- Run | Yrd Mat Sub Rec Peak Influence 140 | . 140 . 16 Initial 1 | . . . 1 Average 48 | . 59 . 10 Maximum Alert Level . | . . . . Low Security (%) 100 | 100 100 . 100 Level 1 . | . . . . Level 2 . | . . . . Level 3 . | . . . . Level 4 . | . . . . Level 5 . | . . . . High Security . | . . . . Max Security . | . . . . Squads Dispatched . | . . . . Investigation . | . . . . Extermination . | . . . . Reinforcement . | . . . . Assault . | . . . . Garrison . | . . . . Intercept . | . . . . Searches Triggered . | . . . . Construction Impeded . | . . . . Haulers Reinforced . | . . . . Active Scanning Responses . | . . . . Cargo Convoy Interrupts . | . . . . Stealth | -11 -10 -10 -7 --------- Run | Yrd Mat Sub Rec Distress Signals 1 | . 1 . . Communications Jammed . | . . . . Distress Signals . | . . . . Times Spotted 22 | . 10 10 2 Peak Tracking Total 5 | . 4 5 2 Tactical Retreats 3 | . 1 2 . Traps | -11 -10 -10 -7 ------- Run | Yrd Mat Sub Rec Traps Triggered . | . . . . Indirectly . | . . . . Trap Hack Attempts . | . . . . Triggered . | . . . . Disarmed 7 | . 7 . . Reprogrammed . | . . . . Reused . | . . . . Traps Extracted . | . . . . Installed . | . . . . Triggered . | . . . . Machines | -11 -10 -10 -7 ---------- Run | Yrd Mat Sub Rec Machines Disabled . | . . . . Max in Single Turn . | . . . . Machines Repaired . | . . . . Machines Dismantled . | . . . . Machines Sabotaged . | . . . . Overloaded Fab Kills . | . . . . Hacking | -11 -10 -10 -7 --------- Run | Yrd Mat Sub Rec Machines Accessed 6 | . 6 . . Terminals 6 | . 6 . . Fabricators . | . . . . Repair Stations . | . . . . Recycling Units . | . . . . Scanalyzers . | . . . . Garrison Access . | . . . . Total Hacks 21 | . 21 . . Successful 12 | . 12 . . Failed 9 | . 9 . . Catastrophic . | . . . . Database Lockouts . | . . . . Manual 1 | . 1 . . Terminals 21 | . 21 . . Fabricators . | . . . . Repair Stations . | . . . . Recycling Units . | . . . . Scanalyzers . | . . . . Garrison Access . | . . . . Terminal Hacks 12 | . 12 . . Record 1 | . 1 . . Robot Analysis 3 | . 3 . . Emergency Access Points 2 | . 2 . . Alert Level 1 | . 1 . . Disarm Traps 2 | . 2 . . Patrol Status 1 | . 1 . . Transport Status 1 | . 1 . . Hauler Manifests 1 | . 1 . . Fabricator Hacks . | . . . . Repair Station Hacks . | . . . . Recycling Unit Hacks . | . . . . Scanalyzer . | . . . . Garrison Access Hacks . | . . . . Unauthorized Hacks . | . . . . Terminals . | . . . . Fabricators . | . . . . Repair Stations . | . . . . Recycling Units . | . . . . Scanalyzers . | . . . . Garrison Access . | . . . . Data Cores Recovered . | . . . . Used . | . . . . Hacking Detections 6 | . 6 . . Full Trace Events . | . . . . Feedback Events . | . . . . Feedback Blocked . | . . . . Robot Schematics Acquired . | . . . . Robots Built . | . . . . Authchips . | . . . . Time . | . . . . Total Robot Build Rating . | . . . . Part Schematics Acquired . | . . . . Parts Built . | . . . . Authchips . | . . . . Time . | . . . . Total Part Build Rating . | . . . . Parts Repaired . | . . . . Time . | . . . . Parts Recycled . | . . . . Recycled Matter . | . . . . Retrieved Matter . | . . . . Retrieved Components . | . . . . Parts Scanalyzed . | . . . . Part Schematics Acquired . | . . . . Parts Damaged . | . . . . Bothacking | -11 -10 -10 -7 ------------ Run | Yrd Mat Sub Rec Used RIF Installer . | . . . . Robots Hacked . | . . . . Non-combat . | . . . . Combat . | . . . . Robot Hacks Applied . | . . . . Relay Couplers Released . | . . . . Fabnet Peak Effective % . | . . . . Robots Rewired . | . . . . Allies Hacked . | . . . . Hacks Repelled . | . . . . Allies | -11 -10 -10 -7 -------- Run | Yrd Mat Sub Rec Total Allies . | . . . . Largest Group . | . . . . Highest-Rated Group . | . . . . Highest-Rated Ally . | . . . . Total Orders . | . . . . Ally Attacks . | . . . . Total Damage . | . . . . Kills . | . . . . Allies Corrupted . | . . . . Allies Melted . | . . . . Intel | -11 -10 -10 -7 ------- Run | Yrd Mat Sub Rec Robot Analysis Total 3 | . 3 . . Derelict Logs Recovered 1 | . . 1 . Drone Launches . | . . . . Drone Recoveries . | . . . . Exploration | -11 -10 -10 -7 ------------- Run | Yrd Mat Sub Rec Turns Passed 1803 | 92 1102 415 194 Spaces Moved 1437 | 59 720 471 187 Core 10 | 10 . . . Treads . | . . . . Legs 578 | 49 529 . . Wheels 248 | . . 61 187 Hover . | . . . . Flight 601 | . 191 410 . Fastest Speed 37 | 50 117 37 80 Average Speed 91 | 108 119 48 90 Slowest Speed 200 | 120 200 120 95 Overloaded Moves . | . . . . Propulsion Burnouts . | . . . . Robots Hopped . | . . . . Cave-ins Triggered . | . . . . Exploration Rate (%) 32 | 4 72 24 28 Regions Visited 3 Branch Regions 2 Pre-discovered Areas 1 | . . 1 . Known Exits Taken 2 | . 1 1 . Unknown Exits Taken 1 | 1 . . . Scrap Searched 1 | . . 1 . Spaces Dug . | . . . . Terrain Destroyed 42 | . . 42 . Melee . | . . . . Projectile . | . . . . AOE 42 | . . 42 . Terrain Rammed . | . . . . Walls Destroyed . | . . . . Machines Disabled . | . . . . Actions | -11 -10 -10 -7 --------- Run | Yrd Mat Sub Rec Total 1831 | 77 914 634 206 Wait 231 | . 136 95 . Move 1434 | 58 719 470 187 Hop . | . . . . Pick Up 31 | 8 13 6 4 Fast Attach 3 | . 2 . 1 Attach 30 | 6 3 20 1 Detach 16 | . . 15 1 Swap 4 | . 4 . . Drop 20 | . 11 6 3 Fire 62 | 5 26 22 9 Melee . | . . . . Ram . | . . . . Kick . | . . . . Crush . | . . . . Escape Stasis . | . . . . Rewire . | . . . . Trap . | . . . . Miscellaneous . | . . . . Route ------- -11/Scrapyard -10/Materials (discovered 4 exits: [*Mat x2] / [*Min] / *Sub) -10/Subcaves -7/Recycling History --------- Turn | Location | Event 4 | -11/Scrapyard | Discovered new exit (range 15) 93 | -11/Scrapyard | Entered Materials 146 | -10/Materials | Discovered new exit (range 16) 259 | -10/Materials | Discovered new exit (range 7) 303 | -10/Materials | Build established: Mutant 378 | -10/Materials | Discovered new exit (range 3) 1178 | -10/Materials | Discovered new exit (range 15) 1194 | -10/Materials | Identified exit to Subcaves 1195 | -10/Materials | Entered Subcaves 1328 | -10/Subcaves | Learned location of 1 exit from Materials 1408 | -10/Subcaves | Ambushed by angry Subdweller bent on revenge 1466 | -10/Subcaves | Learned location of Zion (-7) 1466 | -10/Subcaves | Met a Zionite searching for "candidates" 1585 | -10/Subcaves | Core integrity fell below 50% 1599 | -10/Subcaves | Discovered new exit (range 13) 1609 | -10/Subcaves | Identified exit to Recycling 1610 | -10/Subcaves | Entered Recycling 1611 | -7/Recycling | Met a Zionite searching for Scraptown 1801 | -7/Recycling | Core integrity fell below 20% 1804 | -7/Recycling | Destroyed by P-60 Hacker with Shock Rifle Last Messages --------------- R-06 Scavenger destroyed. Acquired 10 matter. Acquired Corrupted Authchip [R/Combat]. Acquired Authchip [Power]. Dropped Corrupted Authchip [R/Combat]. Acquired Corrupted Authchip [Weapon]. Sub. Power Source shoots sparks and powers down. Dropped Broken Sub. Power Source. Acquired Lgt. Ion Engine. Acquired 10 matter. R-06 Scavenger suffers critical hit (Destroy). R-06 Scavenger destroyed. P-60 Hacker springs to life. Destroyed Gravmag System. L-41 Fighter springs to life. Lgt. Ion Engine destroyed. P-60 Hacker suffers critical hit (Destroy). Destroyed Remote Datajack. Wheel destroyed. Com. Wheel destroyed. Map ----- +----------------------------------------------------+ | ? #????????????????????????????????????????????? | | ? #####????????????????????????????????????????? | | # ?????????????????????????????????????????? | | # ??????????????????????????????????????????? | | " ???????????????????????????????????????????? | | #????????????????????????????????????????????? | | " #????????????????????????????????????????????? | | # #????????????????????????????????????????????? | | #????????????????????????????????????????????? | | #????????????????????????????????????????????? | | #????????????????????????????????????????????? | | ###??????????????????????????????????????????? | | +??????????????????????????????????????????? | | ###???????#+?????????? ??????????????????????? | | #?????????# ????????? ??????????????????????? | | ##+#######????# #??????? ???????????????????????? | | #??### #?????? ?????????????????????????? | | #??# ! ###### ??????????????????????????? | | #??# ! ???????????????????????????? | | #???!! #??####+###+#######??????????? | | #????# #??# ! l d k #?????????? | | #????# #??# i#?????????? | | ###### ####!k #?????????? | | + + t! #?????????? | | ######## ####! l b i #?????????? | | #??????#####??# @Y % #?????????? | | #?????????????#! / ! l #?????????? | | #?????????????# pr / #?????????? | | ##########?????????????# [ !+?????????? | | ???????????????????????# i! #?????????? | | ???????????????????????################??????????? | | ?????????????????????????????????????????????????? | | ?????????????????????????????????????????????????? | | | | | | | | | | | | | | | | | | | | | | | | | | | | | | | | | | | +----------------------------------------------------+ Best States ------------- Heat Dissipation 25 Energy Generation 15 Energy Capacity 250 Matter Stores 300 Matter Capacity 300 Sight Range 16 Robot Scan Range 14 Terrain Scan Density 10 Resistance: KI 20 Resistance: TH 20 Resistance: EX 20 Resistance: EM 20 Resistance: I 20 Resistance: S 20 Resistance: P 20 Evasion (%) 62 Offensive Hacking 10 Authchip Count 2 Item Schematics ----------------- None Robot Schematics ------------------ None Fabricated ------------ Nothing Alien Tech Used ----------------- None Achievements -------------- Armchair Analyst Challenges ------------ None Game ------ Seed VariableScatterDevice Manual? 0 Play Time 00:26:37 Cumulative 1.0 hours Start 2025.05.05 @ 07:42:33 End 2025.05.05 @ 08:06:21 Sessions 1 Manual Loads 0 Difficulty Adventurer Special Mode None Game No. 3 Rogue 0 Adventurer 3 Explorer 0 Win Type - Total 0 Types 0/0/0/0/0/0/0/0/0 Lore% 1 Gallery% 4 Achievement% 3 Wizard Run 0 Options --------- Layout 1 ASCII 0 Keyboard 0 Movement Mouse Keybinds 0 Fullscreen 1 Font 24/Smallcaps Map View 50x35 Zoom Use 0% Tactical HUD 0 Map Filters NONE Filters NONE Steam 1 RUN: 4ba7f223-e265-4e76-bc93-c2e59c57c898